 Dungeon Crawl Stone Soup version 0.26-a0-291-g3d11bbfad5 (webtiles) character file.

Game seed: 9518669927219707266

188 BritishOli the Skirmisher (level 5, 0/42 HPs)
             Began as a Demonspawn Fighter on July 14, 2020.
             Slain by Terence
             ... wielding a +0 mace
              (3 damage)
             ... on level 3 of the Dungeon.
             The game lasted 00:01:34 (2964 turns).

BritishOli the Skirmisher (Demonspawn Fighter)      Turns: 2964, Time: 00:01:35

Health: 0/42       AC:  6    Str: 17    XL:     5   Next: 39%
Magic:  5/5        EV: 12    Int:  9    God:
Gold:   187        SH:  9    Dex: 13    Spells: 4/4 levels left

rFire    . . .     SeeInvis .   a - +0 long sword
rCold    . . .     Faith    .   c - +0 kite shield
rNeg     . . .     Spirit   .   b - +0 scale mail
rPois    .         Reflect  .   (helmet restricted)
rElec    .         Harm     .   (no cloak)
rCorr    .                      (no gloves)
MR       .....                  (no boots)
Stlth    ..........             (no amulet)
HPRegen  0.14/turn              (no ring)
MPRegen  0.09/turn              (no ring)

@: agile
A: antennae 1, powered by pain 2
a: no special abilities


You were on level 3 of the Dungeon.
You visited 1 branch of the dungeon, and saw 3 of its levels.

You collected 187 gold pieces.

Inventory:

Hand Weapons
 a - a +0 long sword (weapon)
Armour
 b - a +0 scale mail (worn)
 c - a +0 kite shield (worn)
Jewellery
 l - an uncursed amulet of faith {unknown}
 p - an uncursed ring of resist corrosion {unknown}
 r - an uncursed amulet of magic regeneration {unknown}
Wands
 m - a wand of flame (19)
Scrolls
 e - a scroll of fear {unknown}
 g - 3 scrolls of remove curse {unknown}
 h - 2 scrolls of identify {unknown}
 j - a scroll of magic mapping {unknown}
 k - a scroll of fog {unknown}
 o - a scroll of teleportation {unknown}
 s - a scroll of blinking {unknown}
Potions
 d - a potion of might
 f - a potion of lignification {unknown}
 i - 4 potions of curing {unknown}
 n - 2 potions of stabbing {unknown}
 q - a potion of heal wounds {unknown}


   Skills:
 + Level 4.0 Fighting
 + Level 3.0 Long Blades
 + Level 3.6 Armour
 + Level 3.6 Shields


You had 4 spell levels left.
You didn't know any spells.
Your spell library was empty.

Dungeon Overview and Level Annotations

Branches:
Dungeon (3/15)

Altars:
Hepliaklqana

Annotations:
D:3 Terence


Innate Abilities, Weirdness & Mutations

You have a pair of small antennae on your head.
You sometimes gain power by taking damage.


Message History

You hit Terence but do no damage.
Terence is heavily wounded.
Terence hits you with a +0 mace! Terence hits you with a +0 mace.
You barely miss Terence.
Terence is heavily wounded.
Terence hits you with a +0 mace!
* * * LOW HITPOINT WARNING * * *
You block Terence's attack.
You hit Terence but do no damage.
Terence is heavily wounded.
Terence hits you with a +0 mace.
* * * LOW HITPOINT WARNING * * *
You hit Terence.
Terence is severely wounded.
Terence is no longer berserk.
Terence hits you but does no damage. You block Terence's attack.
You hit Terence but do no damage.
Terence is severely wounded.
Terence hits you with a +0 mace.
You die...

#..............###
#.####..######.# #.#
#..######.# #.#
#......##.# #.#
##.###.##.# #.# #.#
#.##.# #.# #.#
#.##.# #.# #.#
#.##.# #@# #.# #.#
#@# #.###.##
...####.##...#####
..................#
##...####.##...###.#
##.## #.###.## #.#
### #.##...###.#
#.(......#.#
####.....>..


You could see Terence (slow).

Vanquished Creatures
  A wyvern skeleton (D:3)
  A worker ant (D:3)
  3 adders (D:3)
  An ooze (D:3)
  A worm (D:2)
  3 dart slugs
  2 leopard geckos (D:1)
  8 orcs
  7 bats
  3 giant cockroaches
  9 goblins
  6 hobgoblins
  3 quokkas
  2 frilled lizards
  6 kobolds
  6 rats
62 creatures vanquished.

Notes
Turn   | Place    | Note
-------+----------+-------------------------------------------
     0 | D:1      | BritishOli the Demonspawn Fighter began the quest for the
                  | Orb.
     0 | D:1      | Reached XP level 1. HP: 18/18 MP: 1/1
   274 | D:1      | Gained mutation: You have a pair of small antennae on your
                  | head. [demonic ancestry]
   274 | D:1      | Reached XP level 2. HP: 24/24 MP: 2/2
  1003 | D:2      | Reached XP level 3. HP: 19/29 MP: 3/3
  1600 | D:2      | Found a hazy altar of Hepliaklqana.
  1949 | D:3      | Gained mutation: You sometimes gain a little power by
                  | taking damage. [demonic ancestry]
  1949 | D:3      | Reached XP level 4. HP: 30/37 MP: 4/4
  2425 | D:3      | Gained mutation: You sometimes gain power by taking damage.
                  | [demonic ancestry]
  2425 | D:3      | Reached XP level 5. HP: 33/42 MP: 5/5
  2733 | D:3      | Reached skill level 4 in Fighting
  2940 | D:3      | Noticed Terence
  2964 | D:3      | Slain by Terence

Illustrated notes

Levels and vault maps discovered:
D:1:      lemuel_arrival_cross, layout_rooms
D:2:      layout_basic, nicolae_overflow_crystal_walls
D:3:      layout_loops_ring, minmay_bisected, uniq_terence

Skill      XL: |  1  2  3  4  5 |
---------------+----------------+-----
Long Blades    | 2 3 |  3.0
Armour         | 3 |  3.6
Shields        | 3 |  3.6
Fighting       | 4 |  4.0

Action                   |  1- 3 |  4- 6 || total
-------------------------+-------+-------++-------
Melee: Long sword        |   116 |   112 ||   228
Armor: Scale mail        |    47 |    52 ||    99
Dodge: Dodged            |    33 |    56 ||    89
Block: Kite shield       |    53 |    57 ||   110
       Rpst.: Long sword |     6 |    24 ||    30

Table legend:
 A = Non-vault XP
 B = Vault XP
 C = Vault XP percentage of total XP
 D = Non-vault monster count
 E = Vault monster count
 F = Vault count percentage of total count
                 A         B        C        D         E       F
            +---------+---------+-------+---------+---------+-------
      Total |     233 |      36 |  13.4 |      60 |       2 |   3.2
            +---------+---------+-------+---------+---------+-------
        D:1 |      26 |       0 |   0.0 |      16 |       0 |   0.0
        D:2 |      42 |       0 |   0.0 |      18 |       0 |   0.0
        D:3 |     165 |      36 |  17.9 |      26 |       2 |   7.1
            +---------+---------+-------+---------+---------+-------
